Match 45264253
Unlisted

Match 45264253
End
Construct Infanterie Kompanie
MG 42 Machine Gun Team
Grenadier Squad
Grenadier Squad
Grenadier Squad
Infanterie Officer Quarters
Construct Luftwaffe Kompanie
Pioneer Squad
Flak 30 Anti-aircraft Gun Team
Jäger Squad
Support Elements
Wirbelwind Flakpanzer
Selects Breakthrough Battlegroup
Selects Rapid Production
Pioneer Squad
Jäger Squad
Jäger Squad
Selects Blitzkrieg
Selects Panzer IV Command Tank Sd.Kfz. 161/1
Panzer IV Command Tank
Marder III M Tank Destroyer
Pioneer Squad
Selects Assault Grenadiers
Selects Smoke Bombing Run
Selects Incendiary Bombing Run
Luftwaffe Officer Quarters
Pioneer Squad
Flame Of Udûn
BananaJoe
Nashorn101
[Fs] SaNgar
0
0

Comments sign in to comment!

No comments posted yet!